 Dungeon Sprint DCSS version 0.31-a0-1620-gcbf77bbcfc (webtiles) character file.

Game seed: 8160432437068219901

7 zazu2006 the Insei (level 2, 0/21 HPs)
             Began as a Gnoll Wanderer on Jan 11, 2024.
             Was a Follower of Vehumet.
             Slain by a river rat (2 damage)
             ... in the Dungeon (Sprint VII: "The Pits").
             The game lasted 00:00:41 (105 turns).

zazu2006 the Insei (Gnoll Wanderer)                  Turns: 105, Time: 00:00:42

Health: 0/21       AC:  7    Str:  8    XL:     2   Next: 0%
Magic:  6/6        EV:  9    Int: 13    God:    Vehumet [*.....]
Gold:   0          SH:  0    Dex: 12    Spells: 7/7 levels left

rFire   . . .        l - +2 falchion
rCold   . . .        (no shield)
rNeg    . . .        c - +0 scale mail
rPois   .            (no helmet)
rElec   .            (no cloak)
rCorr   .            (no gloves)
SInv    .            (no boots)
Will    .....        (no amulet) Stlth
                     (no ring)
HPRegen 0.23/turn    (no ring)
MPRegen 0.10/turn

%: no teleportation
@: no status effects
A: fangs 1, strong nose, distributed training
a: Renounce Religion


You were in the Dungeon.
You worshipped Vehumet.
Vehumet was aware of your devotion.
You visited 1 branch

Inventory:

Hand Weapons
 a - a +0 dagger
 k - a +2 dagger
 l - a +2 falchion (weapon)
Armour
 c - a +0 scale mail (worn)
Scrolls
 j - a scroll of blinking
 m - 2 scrolls of vulnerability
 n - 5 scrolls of amnesia
 o - a scroll of summoning
Potions
 b - 2 potions of heal wounds
 d - a potion of lignification
 e - 3 potions of invisibility
 f - a potion of curing
 g - a potion of haste
 h - 4 potions of magic
 i - 3 potions of berserk rage


   Skills:
 + Level 1.1 Fighting
 + Level 1.1 Short Blades
 + Level 1.1 Long Blades
 + Level 1.1 Axes
 + Level 1.1 Maces & Flails
 + Level 1.1 Polearms
 + Level 1.1 Staves
 + Level 1.1 Ranged Weapons
 + Level 1.1 Throwing
 + Level 4.6 Armour
 + Level 6.6 Dodging
 + Level 1.1 Stealth
 + Level 1.1 Shields
 + Level 6.6 Unarmed Combat
 + Level 3.0 Spellcasting
 + Level 0.8 Conjurations
 + Level 0.8 Hexes
 + Level 0.8 Summonings
 + Level 0.8 Necromancy
 + Level 0.8 Translocations
 + Level 0.8 Fire Magic
 + Level 0.8 Ice Magic
 + Level 2.2 Air Magic
 + Level 0.8 Earth Magic
 + Level 0.8 Alchemy
 + Level 1.2 Invocations
 + Level 1.1 Evocations
 + Level 1.0 Shapeshifting


You had 7 spell levels left.
You didn't know any spells.
Your spell library contained the following spells:

 Spells                   Type           Power      Damage    Failure   Level
 Freeze                   Ice            16%        1d4       78%         1
 Mercury Vapours          Alch/Air       12%        N/A       83%         2
 Cigotuvi's Dreadful Rot  Necr/Alch/Air  10%        N/A       85%         2


Dungeon Overview and Level Annotations

Branches:
Dungeon (1/1)

Altars:
Ashenzari
Cheibriados
Dithmenos
Elyvilon
Fedhas
Gozag
Hepliaklqana
Kikubaaqudgha
Makhleb
Nemelex Xobeh
Okawaru
Qazlal
Ru
Sif Muna
Trog
Uskayaw
Vehumet
Wu Jian
Xom
Yredelemnul
Zin
The Shining One
Jiyva
Lugonu


Innate Abilities, Weirdness & Mutations

You have very sharp teeth.
Your uncanny sense of smell can sniff out nearby items.
Your experience applies equally to all skills.


Message History

You hit the kobold.
The kobold is severely wounded.
The kobold barely misses you.
You closely miss the kobold.
The kobold is severely wounded.
The kobold hits you but does no damage.
The kobold hits you with a +0 short sword.
You hit the kobold but do no damage. You bite the kobold, but do no damage.
The kobold is severely wounded.
The kobold hits you with a +0 short sword.
You miss the kobold.
The kobold is severely wounded.
The kobold hits you with a +0 short sword.
You hit the kobold.
You kill the kobold!
Vehumet accepts your kill.
You can now gain magical power from killing.
Vehumet offers you knowledge of Freeze.
Your Spellcasting skill increases to level 3!
Your Shapeshifting skill increases to level 1!
You have reached level 2!
You hit the river rat. Your bite misses the river rat.
The river rat is lightly wounded.
The river rat barely misses you.
The river rat bites you but does no damage.
You completely miss the river rat. Your punch misses the river rat.
The river rat is lightly wounded.
The river rat bites you.
You closely miss the river rat.
The river rat is lightly wounded.
The river rat misses you.
You hit the river rat.
The river rat is severely wounded.
The river rat barely misses you.
You barely miss the river rat.
The river rat is severely wounded.
The river rat bites you.
* * * LOW HITPOINT WARNING * * *
The river rat bites you.
You die...

#_________.#
#_______...###########
##########'##.........
#..(.')).'.##......#..
##########.##.........
#.......)..†'.........
#+#####'#####......#..
#.....#∆∆ #.........
#..@..#∆∆ ####'#####
###r###∆∆ #.......#
... ∆∆ #.......# .....
∆∆ #.......# ####+##
#...<...# #.......#
#.......# #.......#
#########


You could see a river rat.

Vanquished Creatures
  2 orcs (D)
  A giant cockroach (D)
  A kobold (D)
4 creatures vanquished.

Notes
Turn   | Place    | Note
-------+----------+-------------------------------------------
     0 | D        | zazu2006 the Gnoll Wanderer began the quest for the Orb.
     0 | D        | zazu2006 set off with the following items: a +0 dagger, 2
                  | potions of heal wounds, a +0 scale mail, a potion of
                  | lignification, a potion of invisibility, a potion of
                  | curing, a potion of haste, 2 potions of magic, a potion of
                  | berserk rage, a scroll of blinking; and the following
                  | spells available to memorise: Mercury Vapours, Cigotuvi's
                  | Dreadful Rot.
     0 | D        | Reached XP level 1. HP: 13/13 MP: 4/4
    45 | D        | Found a bloodstained altar of Trog.
    45 | D        | Found a shimmering blue altar of Sif Muna.
    45 | D        | Found a viscous altar of Jiyva.
    45 | D        | Found a hazy altar of Hepliaklqana.
    45 | D        | Found an opulent altar of Gozag.
    46 | D        | Found a glowing golden altar of the Shining One.
    46 | D        | Found a glowing silver altar of Zin.
    46 | D        | Found a basalt altar of Yredelemnul.
    46 | D        | Found a shimmering altar of Xom.
    46 | D        | Found an ornate altar of the Wu Jian Council.
    46 | D        | Found a sacrificial altar of Ru.
    46 | D        | Found a stormy altar of Qazlal.
    46 | D        | Found an iron altar of Okawaru.
    46 | D        | Found a sparkling altar of Nemelex Xobeh.
    46 | D        | Found a burning altar of Makhleb.
    46 | D        | Found a blossoming altar of Fedhas.
    46 | D        | Found a white marble altar of Elyvilon.
    46 | D        | Found a shadowy altar of Dithmenos.
    46 | D        | Found a snail-covered altar of Cheibriados.
    49 | D        | Found a corrupted altar of Lugonu.
    49 | D        | Found a radiant altar of Vehumet.
    50 | D        | Found an ancient bone altar of Kikubaaqudgha.
    50 | D        | Found a hide-covered altar of Uskayaw.
    50 | D        | Found a broken altar of Ashenzari.
    58 | D        | Became a worshipper of Vehumet
    88 | D        | Reached skill level 1 in Fighting
    88 | D        | Reached skill level 1 in Short Blades
    88 | D        | Reached skill level 1 in Long Blades
    88 | D        | Reached skill level 1 in Axes
    88 | D        | Reached skill level 1 in Maces & Flails
    88 | D        | Reached skill level 1 in Polearms
    88 | D        | Reached skill level 1 in Staves
    88 | D        | Reached skill level 1 in Ranged Weapons
    88 | D        | Reached skill level 1 in Throwing
    88 | D        | Reached skill level 1 in Stealth
    88 | D        | Reached skill level 1 in Shields
    88 | D        | Reached skill level 1 in Invocations
    88 | D        | Reached skill level 1 in Evocations
   100 | D        | Reached * piety under Vehumet
   100 | D        | Offered knowledge of Freeze by Vehumet.
   101 | D        | Reached skill level 1 in Shapeshifting
   101 | D        | Reached XP level 2. HP: 8/21 MP: 6/6
   105 | D        | Slain by a river rat

Illustrated notes

Levels and vault maps discovered:
D:        pitsprint [storerooms_1, entrance_room_1, metal_vault_2, armoury_2,
          mini_pit_1, grid_room_1, main_hall_1, silver_pit, the_coven_2,
          the_vestibule_1, steel_vault_2, golden_pit, hallway_of_sentries,
          crystal_vault_2, iron_vault_2, final_vault]

Skill      XL: |  1 |
---------------+----+-----
Air Magic      | 2 |  2.2
Fighting       | 1 |  1.1
Short Blades   | 1 |  1.1
Long Blades    | 1 |  1.1
Axes           | 1 |  1.1
Maces & Flails | 1 |  1.1
Polearms       | 1 |  1.1
Staves         | 1 |  1.1
Ranged Weapons | 1 |  1.1
Throwing       | 1 |  1.1
Stealth        | 1 |  1.1
Shields        | 1 |  1.1
Invocations    | 1 |  1.2
Evocations     | 1 |  1.1
Spellcasting   | 3 |  3.0
Shapeshifting  | 1 |  1.0
Armour         | |  4.6
Dodging        | |  6.6
Unarmed Combat | |  6.6
Conjurations   | |  0.8
Hexes          | |  0.8
Summonings     | |  0.8
Necromancy     | |  0.8
Translocations | |  0.8
Fire Magic     | |  0.8
Ice Magic      | |  0.8
Earth Magic    | |  0.8
Alchemy        | |  0.8

Action                     || total
---------------------------++-------
  Melee: Falchion          ||    21
         Dagger            ||     5
         Bite              ||     2
 Armour: Scale mail        ||    18
  Dodge: Dodged            ||    12

Table legend: (Time is in decaauts)
 A = Elapsed time spent in this place.
 B = Non-inter-level travel time spent in this place.
 C = Inter-level travel time spent in this place.
 D = Time resting spent in this place.
 E = Time spent auto-exploring this place.
 F = Levels seen in this place.
 G = Mean time per level.
                   A        B        C        D        E       F      G
               +--------+--------+--------+--------+--------+-----+--------+
         Total |    109 |    109 |      0 |      0 |      0 |   1 |  109.0 |
       Dungeon |    109 |    109 |      0 |      0 |      0 |   1 |  109.0 |
               +--------+--------+--------+--------+--------+-----+--------+

Top non-repeatable levels by time:
       D: 109 daAuts
